 Dungeon Crawl Stone Soup version 0.18.1-48-g4cf74bf (webtiles) character file.

125 theElss the Conjurer (level 4, -1/27 HPs)
             Began as a High Elf Conjurer on July 13, 2016.
             Slain by a scorpion (4 damage)
             ... on level 4 of the Dungeon.
             The game lasted 00:12:07 (3236 turns).

theElss the Conjurer (High Elf Conjurer)            Turns: 3236, Time: 00:12:08

Health: -1/27      AC:  2    Str:  9    XL:     4   Next: 82%
Magic:  0/9        EV: 13    Int: 20    God:
Gold:   126        SH:  0    Dex: 15    Spells: 2 memorised, 6 levels left

rFire  . . .     SeeInvis .     t - +0 flail
rCold  . . .     Gourm    .     a - +0 robe
rNeg   . . .     Faith    .     (no shield)
rPois  .         Spirit   .     (no helmet)
rElec  .         Dismiss  .     (no cloak)
rCorr  .         Reflect  .     (no gloves)
SustAt .         Harm     .     (no boots)
MR     .....                    (no amulet)
Stlth  ++........               (no ring)
                                m - +2 ring of strength

@: lethally poisoned (-1 -> -7), not resistant to hostile enchantments,
unstealthy
A: no striking features
a: no special abilities


You were on level 4 of the Dungeon.
You were hungry.

You visited 1 branch of the dungeon, and saw 4 of its levels.

You collected 126 gold pieces.

Inventory:

Hand Weapons
 t - a +0 flail (weapon)
Armour
 a - a +0 robe (worn)
Jewellery
 m - a +2 ring of strength (left hand)
Wands
 v - a wand of flame (13/48)
Scrolls
 e - 2 scrolls of identify {unknown}
 g - a scroll of noise {unknown}
 j - 5 scrolls of remove curse {unknown}
 n - 3 scrolls of random uselessness {unknown}
 q - a scroll of blinking {unknown}
 w - 2 scrolls of enchant armour {unknown}
Potions
 d - 3 potions of berserk rage {unknown}
 f - a potion of agility {unknown}
 i - a potion of curing
 l - 2 potions of resistance {unknown}
 o - a potion of flight {unknown}
 r - a potion of cure mutation {unknown}
 s - 2 potions of invisibility {unknown}
 u - a potion of haste {unknown}
Books
 b - a book of Conjurations

   Spells                             Type                      Level
   a - Magic Dart                     Conjuration                  1
   b - Searing Ray                    Conjuration                  2
   c - Dazzling Spray                 Conjuration/Hexes            3
   d - Fulminant Prism                Conjuration/Hexes            4
   e - Iskenderun's Mystic Blast      Conjuration                  4
   f - Iskenderun's Battlesphere      Conjuration/Charms           5
Comestibles
 c - 4 bread rations
 h - 2 chunks of flesh
 k - a slice of pizza
 p - a meat ration


   Skills:
 + Level 2.8 Dodging
 - Level 2.1 Stealth
 + Level 3.3 Spellcasting
 + Level 6.1 Conjurations


You had 6 spell levels left.
You knew the following spells:

 Your Spells              Type           Power        Failure   Level  Hunger
a - Magic Dart            Conj           ####         1%          1    None
c - Searing Ray           Conj           ####..       1%          2    ##.....


Dungeon Overview and Level Annotations

Branches:
Dungeon (4/15)
 Temple: D:4-7

Altars:
Gozag
Okawaru


Message History

The magic dart hits the scorpion.
The scorpion is heavily wounded.
The scorpion stings you!
* * * LOW HITPOINT WARNING * * *
You are lethally poisoned!
The scorpion poisons you!
Wield which item (- for none, * to show all)? (? for menu, Esc to quit)
t - a +0 flail (weapon)
* * * LOW HITPOINT WARNING * * *
You feel sick.
You hit the scorpion but do no damage.
The scorpion is heavily wounded.
* * * LOW HITPOINT WARNING * * *
You feel sick. The scorpion misses you.
Drink which item? (? for menu, Esc to quit)
Okay, then.
You barely miss the scorpion.
The scorpion is heavily wounded.
The scorpion stings you.
You die...

# .†.
########...#
#.#
#.sh......>#
#.#
#@######...#
#.# #####.#
## #.#
#.....# #.#
#.##### #.#
#.#
####.###.#
#........#
#.##.##..#
#.##<.#


You could see a scorpion and a jackal.

Vanquished Creatures
  A worker ant (D:3)
  2 adders (D:2)
  A worm (D:3)
  2 dart slugs
  A giant gecko (D:3)
  4 orcs (D:3)
  6 bats
  2 giant cockroaches
  8 goblins
  5 hobgoblins
  14 jackals
  3 quokkas
  2 giant newts
  8 kobolds
  6 rats
65 creatures vanquished.

Notes
Turn   | Place    | Note
--------------------------------------------------------------
     0 | D:1      | theElss the High Elf Conjurer began the quest for the Orb.
     0 | D:1      | Reached XP level 1. HP: 11/11 MP: 4/4
   488 | D:1      | Reached XP level 2. HP: 17/17 MP: 1/6
   492 | D:1      | Learned a level 2 spell: Searing Ray
   878 | D:1      | Reached skill level 5 in Conjurations
  1412 | D:2      | Reached XP level 3. HP: 21/21 MP: 2/7
  1573 | D:2      | Found an iron altar of Okawaru.
  2078 | D:3      | Found an opulent altar of Gozag.
  2150 | D:3      | Reached XP level 4. HP: 27/27 MP: 6/9
  2527 | D:3      | Reached skill level 6 in Conjurations
  3236 | D:4      | Slain by a scorpion

Skill      XL: |  1  2  3  4 |
---------------+-------------+-----
Conjurations   | 5 6 |  6.1
Spellcasting   | 3 |  3.3
Dodging        | |  2.8
Stealth        | |  2.1

Action                   |  1- 3 |  4- 6 || total
-------------------------+-------+-------++-------
Melee: Unarmed           |     1 |       ||     1
       Flail             |       |     2 ||     2
 Cast: Magic Dart        |    67 |    41 ||   108
       Searing Ray       |     5 |     5 ||    10
Evoke: Wand              |       |     2 ||     2
  Use: Potion            |       |     1 ||     1
  Eat: Chunk             |     4 |     3 ||     7
Armor: Robe              |     7 |     2 ||     9
Dodge: Dodged            |    11 |     5 ||    16
